 Dungeon Crawl Stone Soup version 0.18-a0-1347-gb9e2fb4 (webtiles) character file.

2 Gorice the Vexing (level 1, 0/12 HPs)
             Began as a Deep Elf Wanderer on Feb 17, 2016.
             Slain by a kobold
             ... wielding a +0 dagger
              (3 damage)
             ... on level 1 of the Dungeon.
             The game lasted 00:01:45 (95 turns).

Gorice the Vexing (Deep Elf Wanderer)                 Turns: 95, Time: 00:01:45

Health: 0/12       AC:  2    Str:  9    XL:     1   Next: 33%
Magic:  3/5        EV: 11    Int: 16    God:
Gold:   0          SH:  0    Dex: 14    Spells: 1 memorised, 2 levels left

rFire  . . .     SeeInvis .     b - +0 shortbow
rCold  . . .     Gourm    .     e - +0 robe
rNeg   . . .     Faith    .     (shield currently unavailable)
rPois  .         Spirit   .     (no helmet)
rElec  .         Dismiss  .     (no cloak)
rCorr  .         Reflect  .     (no gloves)
SustAt .         Harm     .     (no boots)
MR     .....                    (no amulet)
Stlth  ++........               (no ring)
                                (no ring)

@: very slightly contaminated, not resistant to hostile enchantments, unstealthy
A: no striking features
a: no special abilities


You were on level 1 of the Dungeon.
You were not hungry.

You visited 1 branch of the dungeon, and saw 1 of its levels.

Inventory:

Hand Weapons
 a - a +0 short sword
 b - a +0 shortbow (weapon)
Missiles
 c - 14 arrows (quivered)
 Z - 3 stones
Armour
 e - a +0 robe (worn)
Wands
 d - a wand of random effects (15/48)
Books
 g - a book of Maledictions
Comestibles
 f - a bread ration {!e}
 h - a chunk of flesh


   Skills:
 - Level 1.0 Fighting
 + Level 2.2 Bows
 - Level 1.2 Stealth
 + Level 1.6 Spellcasting
 * Level 2.9 Hexes
   Level 2.1 Earth Magic
 - Level 1.1 Evocations


You had 2 spell levels left.
You knew the following spells:

 Your Spells              Type           Power        Failure   Level  Hunger
a - Corona                Hex            ##.....      10%         1    ##.....


Dungeon Overview and Level Annotations

Branches:
Dungeon (1/15)

Altars:


Message History

Firing (i - inventory. (,) - cycle):
c - 20 arrows (quivered)
Press: ? - help, Shift-Dir - straight line, f/p - kobold
Aim: a kobold, wielding a dagger (softly glowing)
You shoot an arrow. The arrow hits the kobold.
The kobold is moderately wounded.
The kobold hits you but does no damage.
Firing (i - inventory. (,) - cycle):
c - 19 arrows (quivered)
Press: ? - help, Shift-Dir - straight line, f/p - kobold
Aim: a kobold, wielding a dagger (moderately wounded, softly glowing)
You shoot an arrow. The arrow hits the kobold.
The kobold is heavily wounded.
The kobold hits you with a dagger.
Damage: 3 (max 3) Firing (i - inventory. (,) - cycle):
c - 18 arrows (quivered)
Press: ? - help, Shift-Dir - straight line, f/p - kobold
Aim: a kobold, wielding a dagger (heavily wounded, softly glowing)
You shoot an arrow.
The arrow hits the kobold but does no damage.
The kobold is heavily wounded.
The kobold hits you with a dagger.
Damage: 3 (max 3) Firing (i - inventory. (,) - cycle):
c - 17 arrows (quivered)
Press: ? - help, Shift-Dir - straight line, f/p - kobold
Aim: a kobold, wielding a dagger (heavily wounded, softly glowing)
You shoot an arrow. The arrow barely misses the kobold.
The kobold stops glowing.
The kobold barely misses you.
Firing (i - inventory. (,) - cycle):
c - 16 arrows (quivered)
Press: ? - help, Shift-Dir - straight line, f/p - kobold
Aim: a kobold, wielding a dagger (heavily wounded)
You shoot an arrow. The arrow hits the kobold.
The kobold is severely wounded.
The kobold closely misses you.
Firing (i - inventory. (,) - cycle):
c - 15 arrows (quivered)
Press: ? - help, Shift-Dir - straight line, f/p - kobold
Aim: a kobold, wielding a dagger (severely wounded)
You shoot an arrow. The arrow barely misses the kobold.
The kobold hits you with a dagger.
* * * LOW HITPOINT WARNING * * *
The kobold barely misses you.
Damage: 3 (max 3) Unknown command.
Found 11 gold pieces.
Casting: Corona
Confirm with . or Enter, or press ? or * to list all spells.
Aiming: Corona
Press: ? - help, Shift-Dir - straight line, f/p - kobold
Aim: a kobold, wielding a dagger (severely wounded, chance to defeat MR: 81%)
The kobold is outlined in light.
The kobold hits you with a dagger.
You die...

...............#⌠#.#
.⌠...⌠.#..#....###.#
..###..#...........###
..'<#..#..###....#.#.#######
..###..#.........#.#.(.(((..
.⌠...⌠....####...#.#(########
.................#...........
........#..###.#K###.#.#.###.
...######..###..@.÷..#.#
...#....†...####.#####.#
...#....##.>.....# .#
...#....########## .#
#######.# .# #.# .# ... ...
...


You could see a kobold.

Vanquished Creatures
  A kobold (D:1)
  A giant newt (D:1)
  A rat (D:1)
3 creatures vanquished.

Notes
Turn   | Place    | Note
--------------------------------------------------------------
     0 | D:1      | Gorice the Deep Elf Wanderer began the quest for the Orb.
     0 | D:1      | Gorice set off with: a book of Maledictions, a +0 shortbow, 23 arrows, a wand of random effects (15/48), a +0 robe, a bread ration {!e}
     0 | D:1      | Reached XP level 1. HP: 12/12 MP: 5/5
     2 | D:1      | Learned a level 1 spell: Corona
    83 | D:1      | HP: 3/12 [kobold/dagger (3)]
    95 | D:1      | Slain by a kobold

Vault maps used:
D:1:      scummos_arrival_simple_fountains, feat_on_display

Action                   || total
-------------------------++-------
Melee: Short sword       ||     3
 Fire: Shortbow          ||    14
 Cast: Corona            ||     5

Table legend:
 A = Turns spent in this place as a percentage of turns spent in the entire game.
 B = Non-inter-level travel turns spent in this place as a percentage of non-inter-level travel turns spent in the entire game.
 C = Inter-level travel turns spent in this place as a percentage of turns spent in this place.
 D = Turns resting spent in this place as a percentage of non-inter-level travel turns spent in this place.
 E = Turns spent auto-exploring this place as a percentage of non-inter-level travel turns spent in this place.
 F = Non-inter-level travel turns spent in this place divided by the number of levels of this place that you've seen.
                   A       B       C       D       E      F
               +-------+-------+-------+-------+-------+----------------------
         Total | 100.0 | 100.0 |   0.0 |   0.0 |   4.9 |  81.0
       Dungeon | 100.0 | 100.0 |   0.0 |   0.0 |   4.9 |  81.0
               +-------+-------+-------+-------+-------+----------------------

Vault maps used:
D:1:      scummos_arrival_simple_fountains, feat_on_display
